SL
KINGSTON TOWNSHIP KNIGHTS @ MISSISSIPPI MOCKINGBIRDS
08/03/2042
 
TOP OF THE 1ST
Kingston Township Knights batting - Pitching for Mississippi Mockingbirds : RHP Cedomil Dudukovic
Pitching: RHP Cedomil Dudukovic
Batting: SHB Marcos Román 0-0: Swinging Strike
0-1: Fly out, F7 (Line Drive, 7, EV 83.1 MPH)
Batting: RHB Daniel McCoy 0-0: Called Strike
0-1: Ball
1-1: Foul Ball, location: 2F
1-2: Strikes out swinging
Batting: LHB Ed Mellor 0-0: Foul Ball, location: 2F
0-1: Ball
1-1: Ball
2-1: Ground out 6-3 (Groundball, 6S, EV 71.9 MPH)
Top of the 1st over - 0 runs, 0 hits, 0 errors, 0 left on base; Kingston Township 0 - Mississippi 0
BOTTOM OF THE 1ST
Mississippi Mockingbirds batting - Pitching for Kingston Township Knights : RHP Zebulon Vermillion
Pitching: RHP Zebulon Vermillion
Batting: LHB Warren King 0-0: Foul Ball, location: 2F
0-1: Foul Ball, location: 2F
0-2: Ground out U3 (Groundball, 34, EV 93.1 MPH)
Batting: LHB Rylen Roersma 0-0: Called Strike
0-1: Ball
1-1: Swinging Strike
1-2: Ball
2-2: Fly out, F6 (Line Drive, 6, EV 71.2 MPH)
Batting: RHB Doug Allerdale 0-0: Called Strike
0-1: Called Strike
0-2: Ball
1-2: Ball
2-2: Ball
3-2: Base on Balls
Batting: RHB Júlio Coronado 0-0: SINGLE (Groundball, 56D, EV 104.4 MPH)
Doug Allerdale to second
Batting: LHB Jesús Lazcano 0-0: Ball
Wild Pitch!
Doug Allerdale to third
Júlio Coronado to second
1-0: Called Strike
1-1: SINGLE (Groundball, 6MD, EV 96.2 MPH)
Doug Allerdale scores
Júlio Coronado to third
Runner from 3rd tries for Home, SAFE, throw by CF to home
Batting: LHB Seb Blanch 0-0: Ball
1-0: Swinging Strike
1-1: Ball
2-1: Ball
3-1: Foul Ball, location: 2F
3-2: Strikes out swinging
Bottom of the 1st over - 2 runs, 2 hits, 0 errors, 1 left on base; Kingston Township 0 - Mississippi 2
TOP OF THE 2ND
Kingston Township Knights batting - Pitching for Mississippi Mockingbirds : RHP Cedomil Dudukovic
Batting: RHB Amor Campos 0-0: Called Strike
0-1: Hit by Pitch
Batting: RHB Tom Rowland 0-0: Ball
1-0: Ball
2-0: Foul Ball, location: 2F
2-1: Ball
3-1: Swinging Strike
3-2: Fly out, F8 (Flyball, 8LM, EV 90.6 MPH)
Batting: RHB Jorge Ozezera 0-0: Ball
1-0: Foul Ball, location: 2F
1-1: Ball
2-1: Fly out, F9 (Flyball, 9S, EV 91.9 MPH)
Batting: RHB Seong-ho Chong 0-0: Swinging Strike
0-1: Ball
1-1: Ball
2-1: Ball
3-1: Called Strike
3-2: Strikes out swinging
Top of the 2nd over - 0 runs, 0 hits, 0 errors, 1 left on base; Kingston Township 0 - Mississippi 2
BOTTOM OF THE 2ND
Mississippi Mockingbirds batting - Pitching for Kingston Township Knights : RHP Zebulon Vermillion
Batting: RHB Yong-hong Ren 0-0: Called Strike
0-1: Ground out 6-3 (Groundball, 6, EV 89.4 MPH)
Batting: LHB Wu-shun Chu 0-0: Ball
1-0: Ball
2-0: Ball
3-0: Called Strike
3-1: Called Strike
3-2: Base on Balls
Batting: RHB Jorge Muńóz 0-0: Called Strike
0-1: Grounds into double play, 6-4-3 (Groundball, 6, EV 85.6 MPH)
Bottom of the 2nd over - 0 runs, 0 hits, 0 errors, 0 left on base; Kingston Township 0 - Mississippi 2
TOP OF THE 3RD
Kingston Township Knights batting - Pitching for Mississippi Mockingbirds : RHP Cedomil Dudukovic
Batting: RHB Glenn Curtis 0-0: Called Strike
0-1: Foul Ball, location: 2F
0-2: Fly out, F8 (Flyball, 8LS, EV 93.1 MPH)
Batting: RHB Dylan Oram 0-0: Ball
1-0: Fly out, F8 (Line Drive, 8LM, EV 87.5 MPH)
Batting: SHB Marcos Román 0-0: Called Strike
0-1: Ball
1-1: Ball
2-1: Foul Ball, location: 2F
2-2: Fly out, F9 (Line Drive, 89S, EV 96.9 MPH)
Top of the 3rd over - 0 runs, 0 hits, 0 errors, 0 left on base; Kingston Township 0 - Mississippi 2
BOTTOM OF THE 3RD
Mississippi Mockingbirds batting - Pitching for Kingston Township Knights : RHP Zebulon Vermillion
Batting: LHB Warren King 0-0: Swinging Strike
0-1: Ground out 2-3 (Groundball, 13S, EV 75.0 MPH)
Batting: LHB Rylen Roersma 0-0: Ball
1-0: Ball
2-0: Foul Ball, location: 2F
2-1: Ball
3-1: Foul Ball, location: 2F
3-2: Base on Balls
Batting: RHB Doug Allerdale 0-0: Ball
1-0: 2-RUN HOME RUN (Flyball, 9D, EV 88.8 MPH), Distance : 353 ft
Batting: RHB Júlio Coronado 0-0: Swinging Strike
0-1: Ball
1-1: Called Strike
1-2: DOUBLE (Flyball, 8LXD, EV 93.8 MPH)
Batting: LHB Jesús Lazcano 0-0: Ball
1-0: Ball
2-0: Fly out, F9 (Flyball, 89M, EV 85.6 MPH)
Batting: LHB Seb Blanch 0-0: Called Strike
0-1: Ball
1-1: Ball
2-1: Ball
3-1: Called Strike
3-2: Strikes out swinging
Bottom of the 3rd over - 2 runs, 2 hits, 0 errors, 1 left on base; Kingston Township 0 - Mississippi 4
TOP OF THE 4TH
Kingston Township Knights batting - Pitching for Mississippi Mockingbirds : RHP Cedomil Dudukovic
Batting: RHB Daniel McCoy 0-0: Ball
1-0: Swinging Strike
1-1: DOUBLE (Line Drive, 9LS, EV 98.8 MPH)
Batting: LHB Ed Mellor 0-0: Ball
1-0: Swinging Strike
1-1: Ball
2-1: Ball
3-1: SINGLE (Line Drive, 78S, EV 102.5 MPH)
Daniel McCoy to third
Batting: RHB Amor Campos 0-0: Ball
1-0: Ball
2-0: Called Strike
2-1: Swinging Strike
2-2: Ball
3-2: Base on Balls
Ed Mellor to second
Batting: RHB Tom Rowland 0-0: Ball
1-0: Ball
2-0: Ball
3-0: Called Strike
3-1: Base on Balls
Daniel McCoy scores
Ed Mellor to third
Amor Campos to second
Batting: RHB Jorge Ozezera 0-0: Called Strike
0-1: Ball
1-1: Grounds into double play, 5-4-3 (Groundball, 5, EV 82.5 MPH)
Ed Mellor scores
Amor Campos to third
Batting: RHB Seong-ho Chong 0-0: Called Strike
0-1: Ball
1-1: Ball
2-1: Swinging Strike
2-2: Fly out, F9 (Flyball, 89D, EV 86.9 MPH)
Top of the 4th over - 2 runs, 2 hits, 0 errors, 1 left on base; Kingston Township 2 - Mississippi 4
BOTTOM OF THE 4TH
Mississippi Mockingbirds batting - Pitching for Kingston Township Knights : RHP Zebulon Vermillion
Batting: RHB Yong-hong Ren 0-0: Ball
1-0: Foul Ball, location: 2F
1-1: Foul Ball, location: 2F
1-2: SOLO HOME RUN (Flyball, 89XD, EV 90.0 MPH), Distance : 417 ft
Batting: LHB Wu-shun Chu 0-0: Ball
1-0: SINGLE (Line Drive, 6MD, EV 98.1 MPH)
Batting: RHB Jorge Muńóz 0-0: Swinging Strike
0-1: SINGLE (Flyball, 7, EV 91.9 MPH)
Wu-shun Chu to second
Batting: LHB Warren King 0-0: SINGLE (Flyball, 8LS, EV 91.9 MPH)
Wu-shun Chu to third
Jorge Muńóz to second
Runner from 3rd tries for Home, SAFE, no throw by CF
Pitching: RHP Elroy Quaid
Batting: LHB Rylen Roersma 0-0: Called Strike
0-1: Ball
1-1: Foul Ball, location: 2F
1-2: SINGLE (Line Drive, 89S, EV 108.8 MPH)
Jorge Muńóz to third
Warren King to second
Batting: RHB Doug Allerdale 0-0: Ball
1-0: Called Strike
1-1: Fly out, F6 (Popup, 6D, EV 48.8 MPH)
Batting: RHB Júlio Coronado 0-0: GRAND SLAM HOME RUN (Flyball, 9LD, EV 101.9 MPH), Distance : 337 ft
Batting: LHB Jesús Lazcano 0-0: Ground out 6-3 (Groundball, 6, EV 100.0 MPH)
Batting: LHB Seb Blanch 0-0: Ball
1-0: Foul Ball, location: 2F
1-1: Ball
2-1: DOUBLE (Line Drive, 9LM, EV 111.2 MPH)
Batting: RHB Yong-hong Ren 0-0: Foul Ball, location: 2F
0-1: Foul Ball, location: 2F
0-2: Strikes out swinging
Bottom of the 4th over - 6 runs, 7 hits, 0 errors, 1 left on base; Kingston Township 2 - Mississippi 10
TOP OF THE 5TH
Kingston Township Knights batting - Pitching for Mississippi Mockingbirds : RHP Cedomil Dudukovic
Batting: RHB Glenn Curtis 0-0: Called Strike
0-1: Ground out 4-3 (Groundball, 4, EV 102.5 MPH)
Batting: RHB Dylan Oram 0-0: Ball
1-0: Ball
2-0: Ground out 6-3 (Groundball, 6D, EV 105.6 MPH)
Batting: SHB Marcos Román 0-0: Called Strike
0-1: Ball
1-1: SINGLE (Line Drive, 7S, EV 91.9 MPH)
Batting: RHB Daniel McCoy 0-0: Called Strike
0-1: Ball
1-1: Called Strike
1-2: Ball
2-2: Strikes out looking
Top of the 5th over - 0 runs, 1 hit, 0 errors, 1 left on base; Kingston Township 2 - Mississippi 10
BOTTOM OF THE 5TH
Mississippi Mockingbirds batting - Pitching for Kingston Township Knights : RHP Elroy Quaid
Batting: LHB Wu-shun Chu 0-0: Foul Ball, location: 2F
0-1: Ball
1-1: Foul Ball, location: 2F
1-2: Strikes out swinging
Batting: RHB Jorge Muńóz 0-0: Swinging Strike
0-1: Swinging Strike
0-2: TRIPLE (Line Drive, 89XD, EV 107.5 MPH)
Batting: LHB Warren King 0-0: Ball
1-0: Called Strike
1-1: SINGLE (Groundball, 6, EV 106.2 MPH) (infield hit)
Jorge Muńóz scores
Pinch Runner at 1st Quinn Albracht:
Batting: LHB Rylen Roersma 0-0: Ball
1-0: Called Strike
1-1: Called Strike
1-2: SINGLE (Line Drive, 8LS, EV 105.6 MPH)
Quinn Albracht to second
Batting: RHB Doug Allerdale 0-0: Ball
1-0: Ball
2-0: Fly out, F8 (Flyball, 8LS, EV 81.2 MPH)
Batting: RHB Júlio Coronado 0-0: Foul Ball, location: 2F
0-1: Called Strike
0-2: Ball
1-2: Strikes out swinging
Bottom of the 5th over - 1 run, 3 hits, 0 errors, 2 left on base; Kingston Township 2 - Mississippi 11
TOP OF THE 6TH
Kingston Township Knights batting - Pitching for Mississippi Mockingbirds : RHP Cedomil Dudukovic
Now in LF: Quinn Albracht
Batting: LHB Ed Mellor 0-0: Swinging Strike
0-1: Ball
1-1: Ball
2-1: Fly out, F6 (Popup, 6MS, EV 85.0 MPH)
Batting: RHB Amor Campos 0-0: Ground out 5-3 (Groundball, 56S, EV 71.2 MPH)
Batting: RHB Tom Rowland 0-0: Foul Ball, location: 2F
0-1: Foul Ball, location: 2F
0-2: Ball
1-2: Strikes out swinging, 2-3 out at first.
Top of the 6th over - 0 runs, 0 hits, 0 errors, 0 left on base; Kingston Township 2 - Mississippi 11
BOTTOM OF THE 6TH
Mississippi Mockingbirds batting - Pitching for Kingston Township Knights : RHP Elroy Quaid
Batting: LHB Jesús Lazcano 0-0: Called Strike
0-1: Foul Ball, location: 2F
0-2: Ball
1-2: Foul Ball, location: 2F
1-2: Strikes out looking
Batting: LHB Seb Blanch 0-0: Called Strike
0-1: Foul Ball, location: 2F
0-2: Fly out, F8 (Flyball, 8RD, EV 96.2 MPH)
Batting: RHB Yong-hong Ren 0-0: SOLO HOME RUN (Flyball, 9LD, EV 95.6 MPH), Distance : 351 ft
Batting: LHB Wu-shun Chu 0-0: Called Strike
0-1: Ground out 4-3 (Groundball, 4, EV 82.5 MPH)
Bottom of the 6th over - 1 run, 1 hit, 0 errors, 0 left on base; Kingston Township 2 - Mississippi 12
TOP OF THE 7TH
Kingston Township Knights batting - Pitching for Mississippi Mockingbirds : RHP Cedomil Dudukovic
Pitching: RHP Clinton Repetto
Batting: RHB Jorge Ozezera 0-0: Foul Ball, location: 2F
0-1: Foul Ball, location: 2F
0-2: Ball
1-2: Ball
2-2: Ball
3-2: SINGLE (Flyball, 89S, EV 90.0 MPH)
Batting: RHB Seong-ho Chong 0-0: DOUBLE (Flyball, 8RXD, EV 100.6 MPH)
Jorge Ozezera to third
Pinch Hitting: RHB Khal Drogo 0-0: Ball
1-0: Foul Ball, location: 2F
1-1: Foul Ball, location: 2F
1-2: SINGLE (Groundball, 34D, EV 102.5 MPH)
Jorge Ozezera scores
Seong-ho Chong to third
Batting: RHB Dylan Oram 0-0: Called Strike
0-1: SINGLE (Groundball, 6MD, EV 108.1 MPH)
Seong-ho Chong scores
Khal Drogo to second
Batting: SHB Marcos Román 0-0: Called Strike
0-1: Foul Ball, location: 2F
0-2: Foul Ball, location: 2F
0-2: Ball
1-2: Strikes out swinging
Batting: RHB Daniel McCoy 0-0: Called Strike
0-1: Foul Ball, location: 2F
0-2: Fly out, F8 (Flyball, 8RM, EV 90.0 MPH)
Batting: LHB Ed Mellor 0-0: Ball
1-0: Ball
Balk!
Khal Drogo to third
Dylan Oram to second
2-0: Fly out, F9 (Flyball, 9S, EV 83.8 MPH)
Top of the 7th over - 2 runs, 4 hits, 0 errors, 2 left on base; Kingston Township 4 - Mississippi 12
BOTTOM OF THE 7TH
Mississippi Mockingbirds batting - Pitching for Kingston Township Knights : RHP Elroy Quaid
Now at 2B: Khal Drogo
Batting: RHB Jorge Muńóz 0-0: Called Strike
0-1: Foul Ball, location: 2F
0-2: Ball
1-2: Foul Ball, location: 2F
1-2: Ball
2-2: SINGLE (Groundball, 56D, EV 96.9 MPH)
Batting: RHB Quinn Albracht 0-0: Foul Ball, location: 2F
0-1: Grounds into double play, 6-4-3 (Groundball, 6, EV 101.9 MPH)
Batting: LHB Rylen Roersma 0-0: Fly out, F8 (Flyball, 8RXD, EV 90.6 MPH)
Bottom of the 7th over - 0 runs, 1 hit, 0 errors, 0 left on base; Kingston Township 4 - Mississippi 12
TOP OF THE 8TH
Kingston Township Knights batting - Pitching for Mississippi Mockingbirds : RHP Clinton Repetto
Batting: RHB Amor Campos 0-0: Called Strike
0-1: Ball
1-1: Fly out, F8 (Flyball, 8RD, EV 95.6 MPH)
Batting: RHB Tom Rowland 0-0: Called Strike
0-1: Swinging Strike
0-2: Ball
1-2: Ball
2-2: SINGLE (Flyball, 7LM, EV 96.2 MPH)
Batting: RHB Jorge Ozezera 0-0: Called Strike
0-1: Ball
1-1: Ball
2-1: Ball
3-1: Swinging Strike
3-2: SINGLE (Line Drive, 9LS, EV 112.5 MPH)
Tom Rowland to second
Batting: RHB Seong-ho Chong 0-0: Ball
1-0: Foul Ball, location: 2F
1-1: DOUBLE (Flyball, 89XD, EV 110.6 MPH)
Tom Rowland scores
Jorge Ozezera to third
Runner from 3rd tries for Home, SAFE, throw by RF to home
Pitching: RHP Bill Glenn
Batting: RHB Khal Drogo 0-0: Called Strike
0-1: Ball
1-1: Fly out, F8 (Flyball, 8LD, EV 92.5 MPH)
Batting: RHB Dylan Oram 0-0: Called Strike
0-1: Ball
1-1: Ball
2-1: Foul Ball, location: 2F
2-2: SINGLE (Line Drive, 9S, EV 90.6 MPH)
Seong-ho Chong to third
Batting: SHB Marcos Román 0-0: Swinging Strike
0-1: Foul Ball, location: 2F
0-2: SINGLE (Groundball, 34D, EV 103.8 MPH)
Seong-ho Chong scores
Dylan Oram to second
Runner from 2nd tries for 3rd, SAFE, no throw by RF
Batting: RHB Daniel McCoy 0-0: Ball
1-0: Foul Ball, location: 2F
1-1: Ball
2-1: Swinging Strike
2-2: Fielders Choice at 2nd, 6-4 (Groundball, 6, EV 100.0 MPH)
Top of the 8th over - 3 runs, 5 hits, 0 errors, 2 left on base; Kingston Township 7 - Mississippi 12
BOTTOM OF THE 8TH
Mississippi Mockingbirds batting - Pitching for Kingston Township Knights : RHP Elroy Quaid
Pitching: RHP Kent Horton
Batting: RHB Doug Allerdale 0-0: Ball
1-0: Called Strike
1-1: Ball
2-1: Ball
3-1: Fly out, F7 (Flyball, 7D, EV 83.8 MPH)
Batting: RHB Júlio Coronado 0-0: Called Strike
0-1: Foul Ball, location: 2F
0-2: Ball
1-2: SINGLE (Flyball, 78S, EV 87.5 MPH)
Batting: LHB Jesús Lazcano 0-0: Ball
1-0: Ball
2-0: Ball
3-0: Called Strike
3-1: Base on Balls
Júlio Coronado to second
Batting: LHB Seb Blanch 0-0: Called Strike
0-1: Foul Ball, location: 2F
0-2: Strikes out swinging
Batting: RHB Yong-hong Ren 0-0: Ball
1-0: Ball
2-0: Foul Ball, location: 2F
2-1: Ball
3-1: Called Strike
3-2: Strikes out looking
Bottom of the 8th over - 0 runs, 1 hit, 0 errors, 2 left on base; Kingston Township 7 - Mississippi 12
TOP OF THE 9TH
Kingston Township Knights batting - Pitching for Mississippi Mockingbirds : RHP Bill Glenn
Batting: LHB Ed Mellor 0-0: Ball
1-0: Foul Ball, location: 2F
1-1: Ball
2-1: Ground out 5-3 (Groundball, 56, EV 101.9 MPH)
Batting: RHB Amor Campos 0-0: Fly out, F7 (Flyball, 7S, EV 85.6 MPH)
Batting: RHB Tom Rowland 0-0: Ball
1-0: Called Strike
1-1: Called Strike
1-2: Hit by Pitch
Batting: RHB Jorge Ozezera 0-0: Ball
1-0: Ball
2-0: Ball
3-0: Base on Balls
Tom Rowland to second
Batting: RHB Seong-ho Chong 0-0: Ball
1-0: Fly out, F8 (Flyball, 78D, EV 97.5 MPH)
Top of the 9th over - 0 runs, 0 hits, 0 errors, 2 left on base; Kingston Township 7 - Mississippi 12
Friday, March 26th, 2021 - OOTP Baseball 20.8 Build 74